 Dungeon Crawl Stone Soup version 0.23.2-30-g0e89c35649 (webtiles) character file.

Game seed: 3726419663535055493

15416 xelsha the Protected (level 12, -5/70 HPs)
             Began as a Deep Elf Venom Mage on June 17, 2019.
             Was a Believer of Sif Muna.
             Slain by a gargoyle
             ... wielding a +1 morningstar of holy wrath
              (13 damage)
             ... on level 10 of the Dungeon.
             The game lasted 01:33:40 (20262 turns).

xelsha the Protected (Deep Elf Venom Mage)         Turns: 20262, Time: 01:33:40

Health: -5/70      AC: 20    Str:  9    XL:     12   Next: 1%
Magic:  1/26       EV:  9    Int: 25    God:    Sif Muna [**....]
Gold:   305        SH:  5    Dex: 15    Spells: 9/27 levels left

rFire    . . .     SeeInvis .   t - +0 rapier
rCold    . . .     Gourm    .   d - +0 buckler
rNeg     + . .     Faith    .   A - +1 scale mail of Summer {rElec Regen+ Int+3}
rPois    .         Spirit   .   P - +2 hat {MR+}
rElec    +         Reflect  .   H - +2 cloak
rCorr    .         Harm     .   B - +0 pair of gloves
MR       +++..     Clarity  +   C - +0 pair of boots
Stlth    +.........             D - amulet of rage
HPRegen  0.61/turn              h - +2 ring of protection
MPRegen  0.20/turn              l - ring of positive energy

@: no status effects
A: clarity, magic resistance 1
a: Divine Energy, Renounce Religion, Evoke Berserk Rage


You were on level 10 of the Dungeon.
You worshipped Sif Muna.
Sif Muna was pleased with you.
You were not hungry.

You visited 2 branches of the dungeon, and saw 12 of its levels.
You also visited: Sewer.

You collected 721 gold pieces.
You spent 416 gold pieces at shops.

Inventory:

Hand Weapons
 f - a +3 dagger of venom
 t - a +0 rapier (weapon)
 u - a +3 hunting sling
Missiles
 j - 42 sling bullets
 k - 143 stones (quivered)
 n - 5 poisoned tomahawks
Armour
 d - a +0 buckler (worn)
 A - the +1 scale mail of Summer (worn) {rElec Regen+ Int+3}
   (You bought it in a shop on level 6 of the Dungeon)

   It affects your intelligence (+3).
   It insulates you from electricity.
   It increases your rate of regeneration.
 B - a +0 pair of gloves (worn)
 C - a +0 pair of boots (worn)
 H - a +2 cloak (worn)
 P - a +2 hat of magic resistance (worn)
Jewellery
 a - an uncursed ring of resist corrosion
 e - an uncursed ring of flight
 h - a +2 ring of protection (left hand)
 l - a ring of positive energy (right hand)
 m - an uncursed ring of ice
 D - an amulet of rage (around neck)
Wands
 g - a wand of random effects (10)
 v - a wand of paralysis (1)
 J - a wand of polymorph (7)
Scrolls
 i - a scroll of teleportation
 o - 2 scrolls of fog
 q - 2 scrolls of enchant armour
 r - a scroll of amnesia
 x - 6 scrolls of remove curse
 y - 4 scrolls of immolation
 E - a scroll of fear
 L - a scroll of torment {unknown}
 N - a scroll of random uselessness {unknown}
Potions
 b - 3 potions of cancellation
 p - 3 potions of lignification
 s - a potion of brilliance
 z - a potion of might
 F - 3 potions of curing
 I - a potion of magic
 K - 3 potions of haste
 M - a potion of resistance
 O - a potion of flight
Comestibles
 c - 12 rations


   Skills:
 - Level 6.0 Fighting
 - Level 5.7 Short Blades
 - Level 10.0 Armour
 - Level 2.4 Dodging
 - Level 2.4 Stealth
 - Level 4.0 Shields
 + Level 8.3 Spellcasting
 - Level 2.0 Conjurations
 - Level 4.1 Hexes
 + Level 5.0 Fire Magic
 + Level 5.1 Air Magic
 - Level 6.4 Poison Magic
 + Level 2.4 Invocations


You had 9 spell levels left.
You knew the following spells:

 Your Spells              Type           Power        Failure   Level  Hunger
a - Sting                 Conj/Pois      ####         5%          1    None
b - Poisonous Vapours     Pois/Air       #####.       4%          2    None
c - Mephitic Cloud        Conj/Pois/Air  ####....     14%         3    None
d - Olgreb's Toxic Radia  Pois           #####...     22%         4    ##.....
e - Animate Skeleton      Necr           N/A          30%         1    None
f - Flame Tongue          Conj/Fire      ####.        8%          1    None
g - Apportation           Tloc           ##....       30%         1    None
h - Confusing Touch       Hex            ####..       5%          1    None
i - Sticky Flame          Conj/Fire      ####....     58%         4    ##.....

Your spell library contained the following spells:

 Spells                   Type           Power        Failure   Level  Hunger
 Corona                   Hex            ####...      5%          1    None
 Slow                     Hex            ####....     9%          2    None
 Throw Flame              Conj/Fire      ####..       11%         2    None
 Inner Flame              Hex/Fire       ####....     14%         3    None
 Conjure Flame            Conj/Fire      ####....     22%         3    None
 Summon Small Mammal      Summ           ##..         30%         1    None
 Portal Projectile        Hex/Tloc       ###...       36%         3    None
 Cause Fear               Hex            ####......   50%         4    ##.....
 Leda's Liquefaction      Hex/Erth       ###.......   78%         4    ##.....
 Venom Bolt               Conj/Pois      ####......   83%         5    ####...
 Fireball                 Conj/Fire      ####......   90%         5    ####...


Dungeon Overview and Level Annotations

Branches:
Dungeon (11/15)            Temple (1/1) D:4
   Lair: D:8-11         Orc: D:9-12

Altars:
Ashenzari
Cheibriados
Dithmenos
Elyvilon
Fedhas
Gozag
Hepliaklqana
Kikubaaqudgha
Makhleb
Nemelex Xobeh
Okawaru
Qazlal
Ru
Sif Muna
Trog
Uskayaw
Vehumet
Wu Jian
Xom
Yredelemnul
Zin
The Shining One

Shops:
D:4 *   D:6 *(![   D:11 }

Annotations:
D:9 3 runed translucent doors, Aldia's ghost, novice TrMo; DKeggars's ghost, novice GrEE; Jaiteiro's ghost, novice CeHu
D:11 2 transporters, YoVRotEtogoKazino's ghost, journeyman GrBe


Innate Abilities, Weirdness & Mutations

You possess an exceptional clarity of mind.
You are resistant to hostile enchantments. (MR+)


Message History

The gargoyle hits you with a +1 morningstar of holy wrath!
Casting: Flame Tongue (safe; 8% risk of failure)
Confirm with . or Enter, or press ? or * to list all spells.
Aiming: Flame Tongue (safe; 8% risk of failure)
Press: ? - help, Shift-Dir - straight line, f/p - gargoyle
Aim: a gargoyle, wielding a +1 morningstar of holy wrath (almost destroyed)
The flame tongue hits the gargoyle but does no damage.
The gargoyle is almost destroyed.
The gargoyle hurls a stone arrow at you.
The stone arrow hits you!!
* * * LOW HITPOINT WARNING * * *
Casting: Flame Tongue (safe; 8% risk of failure)
Confirm with . or Enter, or press ? or * to list all spells.
Aiming: Flame Tongue (safe; 8% risk of failure)
Press: ? - help, Shift-Dir - straight line, f/p - gargoyle
Aim: a gargoyle, wielding a +1 morningstar of holy wrath (almost destroyed)
The flame tongue hits the gargoyle but does no damage.
The gargoyle is almost destroyed.
The gargoyle hits you with a +1 morningstar of holy wrath!
You die...

.#.##.#####.## .. ###.#.#
#.######.# .#..#.#
#....)...# ..#.#.#
##'########
.##.#.####...##
........#.....## ### #
...............## ##.##.#
.........(......####...#$#
................@9((.....#
................####..>###
.......).......## ##..####
.......>#.....## ##....#
.)......##...##
####.##.### ........###+##
#....h....## ########....#
#.#....9....#
######.....####
#.#.........#
..............#
#.########.##


You could see a gargoyle.

Vanquished Creatures
  Gastronok (D:11)
  Fannar (D:10)
  A two-headed ogre (D:9)
  A death yak (D:10)
  Nergalle (D:10)
  An unseen horror (D:11)
  2 ugly things (D:11)
  Joseph (D:9)
  Psyche (D:10)
  A queen bee (D:8)
  2 hippogriffs
  Grinder (D:6)
  11 yaks
  2 wyverns
  Duvessa (D:6)
  A water moccasin (D:9)
  4 orc warriors
  2 sky beasts (D:5)
  3 ice beasts
  2 black bears
  2 phantoms
  2 necrophages
  A wolf (D:10)
  2 ogres
  3 centaurs
  2 crocodiles
  Blork the orc (D:5)
  9 bullfrogs
  A big kobold (D:10)
  Dowan (D:6)
  A scorpion (D:9)
  22 killer bees
  4 wights (D:10)
  An electric eel (D:10)
  A howler monkey (D:9)
  8 crimson imps
  3 bullfrog zombies
  3 centaur zombies
  A quasit (D:5)
  A bullfrog skeleton (D:6)
  3 hounds
  2 centaur skeletons
  9 orc priests
  2 jellies
  Ijyb (D:4)
  Jessica (D:3)
  4 iguanas
  4 worker ants
  24 orc wizards
  A killer bee zombie (D:5)
  A bullfrog simulacrum (D:10)
  A howler monkey zombie (D:10)
  7 gnolls
  15 adders
  A river rat (D:4)
  3 shadow imps
  2 white imps (D:10)
  2 oozes (D:2)
  An adder skeleton (D:4)
  6 worms
  3 dart slugs
  8 leopard geckos
  32 orcs
  2 ball pythons
  8 giant cockroaches
  13 goblins
  13 hobgoblins
  7 jackals
  3 quokkas
  3 bats
  7 frilled lizards
  A jackal skeleton (D:4)
  15 kobolds
  7 rats
321 creatures vanquished.

Notes
Turn   | Place    | Note
-------+----------+-------------------------------------------
     0 | D:1      | xelsha the Deep Elf Venom Mage began the quest for the Orb.
     0 | D:1      | Reached XP level 1. HP: 10/10 MP: 6/6
   189 | D:1      | Reached XP level 2. HP: 7/16 MP: 5/8
   212 | D:1      | Learned a level 2 spell: Poisonous Vapours
  1521 | D:1      | Reached XP level 3. HP: 20/20 MP: 5/9
  1899 | D:1      | Reached skill level 1 in Armour
  2473 | D:1      | Reached skill level 1 in Short Blades
  2914 | D:2      | Reached XP level 4. HP: 16/24 MP: 11/11
  3319 | D:2      | Reached skill level 1 in Fighting
  3748 | D:2      | Found a hide-covered altar of Uskayaw.
  4226 | D:3      | Noticed Jessica
  4231 | D:3      | Killed Jessica
  4231 | D:3      | Reached XP level 5. HP: 29/29 MP: 9/12
  4712 | D:4      | Found an opulent altar of Gozag.
  4715 | D:4      | Found Gozag's Platinum Reserve.
  4755 | D:4      | Found a staircase to the Ecumenical Temple.
  4765 | D:4      | Reached skill level 2 in Armour
  4774 | Temple   | Entered the Ecumenical Temple
  5281 | D:4      | Reached skill level 1 in Shields
  5284 | D:4      | Gained mutation: You possess an exceptional clarity of
                  | mind. [potion of mutation]
  5284 | D:4      | Gained mutation: You are resistant to hostile enchantments.
                  | (MR+) [potion of mutation]
  5304 | D:4      | Found a glowing drain.
  5308 | Sewer    | Entered a sewer
  5716 | Sewer    | Learned a level 3 spell: Mephitic Cloud
  5732 | Sewer    | Noticed a crocodile
  5746 | Sewer    | Killed a crocodile
  5746 | Sewer    | Reached XP level 6. HP: 35/35 MP: 6/14
  7249 | D:4      | Reached skill level 3 in Armour
  7249 | D:4      | Reached skill level 1 in Air Magic
  7249 | D:4      | Reached XP level 7. HP: 40/40 MP: 7/16
  8128 | D:4      | Reached skill level 5 in Spellcasting
  8453 | D:4      | Noticed Ijyb
  8467 | D:4      | Killed Ijyb
  8849 | D:5      | Entered Level 5 of the Dungeon
  8858 | D:5      | You fall through a shaft for 3 floors!
  9015 | D:8      | Found a burning altar of Makhleb.
  9015 | D:8      | Found a radiant altar of Vehumet.
  9093 | D:8      | Reached skill level 5 in Poison Magic
  9221 | D:8      | HP: 2/40 [poisoned by an orc wizard]
  9229 | D:8      | HP: 1/40 [poisoned by an orc wizard]
  9383 | D:9      | Noticed Joseph
  9532 | D:8      | HP: 1/60 [bullfrog (4)]
 10006 | D:8      | Reached XP level 8. HP: 45/45 MP: 15/18
 10023 | D:8      | Reached skill level 4 in Armour
 10571 | D:6      | Found Vokhlof's Armour Boutique.
 11367 | D:6      | Reached skill level 5 in Armour
 11898 | D:5      | Reached XP level 9. HP: 50/51 MP: 21/21
 11904 | D:5      | Learned a level 4 spell: Olgreb's Toxic Radiance
 12772 | D:5      | Found a sparkling altar of Nemelex Xobeh.
 12806 | D:5      | Noticed Blork the orc
 12814 | D:5      | Killed Blork the orc
 13128 | D:6      | Bought the +1 scale mail of Summer {rElec Regen+ Int+3} for
                  | 293 gold pieces
 13138 | D:6      | Bought a +0 pair of gloves for 45 gold pieces
 13138 | D:6      | Bought a +0 pair of boots for 45 gold pieces
 13165 | D:6      | Found a glowing silver altar of Zin.
 13166 | D:6      | Found Zin's Purification Station.
 13457 | D:6      | Found Viloschi's Book Shoppe.
 13483 | D:6      | Noticed Dowan
 13498 | D:6      | Noticed Duvessa
 13538 | D:6      | Killed Duvessa
 13547 | D:6      | Killed Dowan
 13916 | D:6      | Found Jizxeps's Antique Weapon Shop.
 13916 | D:6      | Noticed Grinder
 13924 | D:6      | Paralysed by Grinder for 3 turns
 13942 | D:6      | Killed Grinder
 13942 | D:6      | Reached skill level 6 in Armour
 14084 | D:6      | Found Gaki Pya's Distillery.
 14093 | D:6      | Bought a potion of curing for 33 gold pieces
 14829 | D:7      | Found a white marble altar of Elyvilon.
 14829 | D:7      | Found a shadowy altar of Dithmenos.
 15002 | D:7      | Found a deep blue altar of Sif Muna.
 15156 | D:7      | Became a worshipper of Sif Muna the Loreminder
 15375 | D:8      | Noticed a queen bee
 15401 | D:8      | Reached XP level 10. HP: 54/58 MP: 13/22
 15435 | D:8      | Reached skill level 7 in Armour
 15452 | D:8      | Reached skill level 5 in Fighting
 16019 | D:8      | Reached * piety under Sif Muna
 16477 | D:9      | Killed Joseph
 16619 | D:9      | Reached skill level 5 in Short Blades
 16619 | D:9      | Reached skill level 8 in Armour
 16836 | D:9      | Noticed a two-headed ogre
 16857 | D:9      | Killed a two-headed ogre
 17213 | D:9      | Found a runed translucent gate.
 17213 | D:9      | Found a runed translucent gate.
 17213 | D:9      | Found a runed translucent gate.
 17214 | D:9      | Noticed Aldia's ghost (novice TrMo)
 17215 | D:9      | Noticed Jaiteiro's ghost (novice CeHu)
 17215 | D:9      | Noticed DKeggars's ghost (novice GrEE)
 17219 | D:9      | Learned a level 1 spell: Animate Skeleton
 17221 | D:9      | Learned a level 1 spell: Flame Tongue
 17223 | D:9      | Learned a level 1 spell: Apportation
 17225 | D:9      | Learned a level 1 spell: Confusing Touch
 17230 | D:9      | Learned a level 4 spell: Sticky Flame
 17249 | D:10     | Entered Level 10 of the Dungeon
 17301 | D:10     | Reached skill level 1 in Hexes
 17309 | D:10     | Reached skill level 1 in Fire Magic
 17320 | D:10     | Reached XP level 11. HP: 61/64 MP: 9/23
 17476 | D:10     | Reached skill level 9 in Armour
 17952 | D:10     | Noticed Psyche
 17959 | D:10     | Killed Psyche
 18130 | D:10     | Noticed Fannar
 18524 | D:11     | Noticed a cyan ugly thing
 18561 | D:11     | Killed a cyan ugly thing
 18604 | D:11     | Reached ** piety under Sif Muna
 18833 | D:11     | Killed an unseen horror
 19137 | D:11     | Noticed YoVRotEtogoKazino's ghost (journeyman GrBe)
 19138 | D:11     | Noticed a two-headed ogre
 19142 | D:11     | Found a transporter.
 19147 | D:11     | Noticed Gastronok
 19288 | D:11     | Killed Gastronok
 19424 | D:11     | Found a bloodstained altar of Trog.
 19431 | D:11     | Found a transporter.
 19434 | D:11     | Identified the +8 hand axe of the Forest {venom, +Fly
                  | Stlth+}
 19434 | D:11     | Noticed a tengu warrior
 19451 | D:11     | Found Wufiavyo's Gadget Emporium.
 19629 | D:11     | Noticed a cyan ugly thing
 19646 | D:11     | Killed a cyan ugly thing
 19891 | D:10     | Killed Fannar
 19891 | D:10     | Reached skill level 10 in Armour
 19891 | D:10     | Reached skill level 1 in Invocations
 19960 | D:10     | Noticed Nergalle
 19975 | D:10     | Killed Nergalle
 20181 | D:10     | Noticed a death yak
 20215 | D:10     | Killed a death yak
 20215 | D:10     | Reached skill level 5 in Air Magic
 20221 | D:10     | Reached skill level 5 in Fire Magic
 20221 | D:10     | Reached XP level 12. HP: 53/70 MP: 9/26
 20262 | D:10     | Slain by a gargoyle

Skill      XL: |  1  2  3  4  5  6  7  8  9 10 11 |
---------------+----------------------------------+-----
Armour         | 1 2 3 5 6 8 10 | 10.0
Short Blades   | 1 3 5 |  5.7
Fighting       | 1 2 3 4 6 |  6.0
Conjurations   | 2 |  2.0
Spellcasting   | 4 5 6 7 8 |  8.3
Poison Magic   | 4 5 6 |  6.4
Shields        | 1 2 3 4 |  4.0
Air Magic      | 1 2 5 |  5.1
Hexes          | 1 4 |  4.1
Fire Magic     | 1 5 |  5.0
Invocations    | 2 |  2.4
Dodging        | |  2.4
Stealth        | |  2.4

Action                   |  1- 3 |  4- 6 |  7- 9 | 10-12 || total
-------------------------+-------+-------+-------+-------++-------
Melee: Dagger            |    30 |    48 |   518 |   663 ||  1259
       Mace              |    28 |   140 |    30 |       ||   198
       Rapier            |       |       |       |     5 ||     5
 Fire: Hunting sling     |       |       |    11 |    23 ||    34
Throw: Stone             |       |       |       |    14 ||    14
 Cast: Sting             |    25 |     2 |       |       ||    27
       Poisonous Vapours |    30 |    57 |   153 |    68 ||   308
       Olgreb's Toxic Ra |       |       |     2 |    21 ||    23
       Mephitic Cloud    |       |       |     1 |     3 ||     4
       Flame Tongue      |       |       |       |    35 ||    35
Evoke: Wand              |       |       |       |     1 ||     1
  Use: Scroll            |     6 |     9 |     7 |     8 ||    30
       Potion            |       |     4 |     6 |     3 ||    13
 Stab: Sleeping          |     1 |     1 |     4 |       ||     6
       Confused          |       |       |     2 |     2 ||     4
  Eat: Chunk             |     7 |     8 |    11 |    17 ||    43
       Ration            |       |     2 |     5 |       ||     7
Armor: Leather armour    |    29 |    89 |    88 |       ||   206
       Skin              |       |       |     5 |       ||     5
       Scale mail        |       |       |   162 |   403 ||   565
Dodge: Dodged            |    70 |   107 |   289 |   228 ||   694
Block: Buckler           |       |    37 |   104 |   142 ||   283
